 Dungeon Crawl Stone Soup version 0.16-a0-3153-gc6d0c83 (webtiles) character file.

150 Ololoev the Slasher (level 5, -4/41 HPs)
             Began as a Mummy Chaos Knight on Dec 15, 2014.
             Was a Plaything of Xom.
             Slain by an ogre
             ... wielding a +0 giant club
              (26 damage)
             ... on level 4 of the Dungeon.
             The game lasted 00:03:39 (2368 turns).

Ololoev the Slasher (Mummy Chaos Knight)            Turns: 2368, Time: 00:03:39

Health: -4/41      AC:  9    Str: 16    XL:     5   Next: 10%
Magic:  5/5        EV:  6    Int: 11    God:    Xom [....*.]
Gold:   137        SH:  0    Dex: 11    Spells: 0 memorised, 4 levels left

rFire  x . .     SeeInvis .     a - +0 falchion (chaos)
rCold  + . .     Clarity  .     d - +0 chain mail
rNeg   + + +     SustAb   .     (no shield)
rPois  ∞         Gourm    .     g - +1 hat
rElec  .         Spirit   .     (no cloak)
rCorr  .         Warding  .     (no gloves)
rMut   .         Stasis   .     (no boots)
MR     .....                    (no amulet)
Stlth  ..........               (no ring)
                                (no ring)

@: not resistant to hostile enchantments, extremely unstealthy
A: no food or potions, fire vulnerability, restore body, cold resistance 1,
negative energy resistance 3, poison resistance, torment resistance, unbreathing
a: Renounce Religion


You were on level 4 of the Dungeon.
You worshipped Xom.
You were a beloved toy of Xom.
You were not hungry.

You visited 1 branch of the dungeon, and saw 4 of its levels.

You collected 137 gold pieces.

Notes
Turn   | Place    | Note
--------------------------------------------------------------
     0 | D:1      | Ololoev, the Mummy Chaos Knight, began the quest for the Orb.
     0 | D:1      | Reached XP level 1. HP: 18/18 MP: 1/1
    56 | D:1      | Reached XP level 2. HP: 17/24 MP: 2/2
   277 | D:1      | XOM: harmless Chrm miscast
   579 | D:1      | Reached XP level 3. HP: 27/29 MP: 3/3
   634 | D:2      | XOM: cast spell 'Blink'
   885 | D:2      | XOM: colour smoke trail
   889 | D:2      | XOM: noise
   976 | D:2      | Found a blossoming altar of Fedhas.
   997 | D:2      | Reached XP level 4. HP: 26/35 MP: 4/4
  1522 | D:3      | Reached skill level 4 in Long Blades
  1748 | D:3      | XOM: mild Conj miscast
  1810 | D:3      | Reached XP level 5. HP: 25/41 MP: 5/5
  1955 | D:3      | XOM: harmless Divn miscast
  2059 | D:3      | Found a snail-covered altar of Cheibriados.
  2060 | D:3      | Found an ancient bone altar of Kikubaaqudgha.
  2213 | D:3      | Found a stormy altar of Qazlal.
  2215 | D:3      | Noticed an air elemental
  2216 | D:3      | Noticed a fire elemental
  2217 | D:3      | Noticed a water elemental
  2360 | D:4      | Noticed an ogre
  2365 | D:4      | XOM: potion effect (heal wounds)
  2366 | D:4      | XOM: butterfly on damage
  2368 | D:4      | Slain by an ogre

Inventory:

Hand weapons
 a - a +0 falchion of chaos (weapon)
Armour
 d - a +0 chain mail (worn)
 g - a +1 hat (worn)
Jewellery
 k - a +6 ring of protection {unknown}
Scrolls
 b - 5 scrolls of enchant armour {unknown}
 c - 4 scrolls of identify {unknown}
 e - 2 scrolls of magic mapping {unknown}
 f - 2 scrolls of fog {unknown}
 h - a scroll of remove curse {unknown}
 i - a scroll of enchant weapon {unknown}
 j - a scroll of amnesia {unknown}

Table legend:
 A = Turns spent in this place as a percentage of turns spent in the entire game.
 B = Non-inter-level travel turns spent in this place as a percentage of non-inter-level travel turns spent in the entire game.
 C = Inter-level travel turns spent in this place as a percentage of turns spent in this place.
 D = Turns resting spent in this place as a percentage of non-inter-level travel turns spent in this place.
 E = Turns spent auto-exploring this place as a percentage of non-inter-level travel turns spent in this place.
 F = Non-inter-level travel turns spent in this place divided by the number of levels of this place that you've seen.
                   A       B       C       D       E      F
               +-------+-------+-------+-------+-------+----------------------
         Total | 100.0 | 100.0 |   0.3 |   0.8 |  11.1 | 261.5
       Dungeon | 100.0 | 100.0 |   0.3 |   0.8 |  11.1 | 261.5
               +-------+-------+-------+-------+-------+----------------------


   Skills:
 - Level 3.0 Fighting
 * Level 4.3 Long Blades
 + Level 2.6 Armour
 - Level 0.7 Dodging


You had 4 spell levels left.
You didn't know any spells.

Dungeon Overview and Level Annotations

Branches:
Dungeon (4/15)
 Temple: D:4-7

Altars:
Cheibriados
Fedhas
Kikubaaqudgha
Qazlal


Innate Abilities, Weirdness & Mutations

You do not eat or drink.
Your flesh is vulnerable to fire.
Your flesh is cold resistant.
You are immune to negative energy.
Your system is resistant to poisons.
You are immune to unholy pain and torment.
You can survive without breathing.


Message History

No target in view!
No target in view!
Done exploring.
Done exploring.
Done exploring.
Done exploring.
(D) Dungeon
Where to? (Enter - D:3, ? - help)
What level of the Dungeon? (default 1, ? - help)
There is a stone staircase leading down here.
You climb downwards.
A goblin and a skeleton come into view.
The goblin shouts!
Found a twisted runed staff.
There is a stone staircase leading up here.
The goblin barely misses you.
An ogre comes into view. It is wielding a giant club.
Your chain mail prevents you from hitting the goblin.
The ogre shouts!
The goblin hits you but does no damage.
You hit the goblin.
You kill the goblin!
You closely miss the giant gecko skeleton.
The giant gecko skeleton bites you.
Your chain mail prevents you from hitting the giant gecko skeleton.
The giant gecko skeleton completely misses you.
You hit the giant gecko skeleton.
You destroy the giant gecko skeleton!
Xom grants you a minor favour.
You feel much better.
You hit the ogre but do no damage. The ogre hits you with a giant club!!
A shower of butterflies erupts from you!
You hit the ogre. You freeze the ogre.
The ogre is moderately wounded.
The ogre closely misses you.
You hit the ogre.
You heal the ogre.
The ogre is completely healed.
The ogre hits you with a giant club!!
Ouch! That really hurt!
You die...
Xom guffaws!

.... ..........
............
..............
................
................
................
........Ob........
.......bb@........
..................
#.......<.......#
#............####
.........#.##
..#...###..# .
#### .## .. ...


You could see an ogre.

Table legend:
 A = Kills in this place as a percentage of kills in entire the game.
 B = Kills by you in this place as a percentage of kills by you in the entire game.
 C = Kills by friends in this place as a percentage of kills by friends in the entire game.
 D = Other kills in this place as a percentage of other kills in the entire game.
 E = Experience gained in this place as a percentage of experience gained in the entire game.
 F = Experience gained in this place divided by the number of levels of this place that you have seen.
                   A       B       C       D       E      F
               +-------+-------+-------+-------+-------+----------------------
         Total | 100.0 | 100.0 | 100.0 |  -nan | 100.0 |  53.8
       Dungeon | 100.0 | 100.0 | 100.0 |  -nan | 100.0 |  53.8
               +-------+-------+-------+-------+-------+----------------------

Vanquished Creatures
  An orc priest (D:3)
  A sheep (shapeshifter) (D:1)
  5 adders
  A giant gecko (D:3)
  3 orcs (D:3)
  7 bats
  7 goblins
  8 hobgoblins
  2 ball pythons (D:2)
  5 giant cockroaches
  A giant gecko skeleton (D:4)
  5 kobolds
  13 rats
59 creatures vanquished.

Vanquished Creatures (collateral kills)
  A hobgoblin (D:1)
1 creature vanquished.

Grand Total: 60 creatures vanquished

Action                   |  1- 3 |  4- 6 || total
-------------------------+-------+-------++-------
Melee: Falchion          |    99 |    78 ||   177
 Stab: Paralysed         |     3 |       ||     3

Vault maps used:
D:1:      dpeg_arrival_rhombus, nrook_mini_vaults
D:2:      nicolae_overflow_crystal_walls, first_bread, hangedman_decor_riveting,
          minivault_4, minmay_shallow_snake_nest
D:3:      nicolae_qazlal_style_of_elements, nicolae_overflow_hidden_temple,
          wad_floor_pattern_1
D:4:      serial_shops, nicolae_shop_crystal,
          nicolae_shop_temple_entry_statues_fountains, minmay_misc_feat_encased
